 Dungeon Crawl Stone Soup version 0.31-a0-1074-g0b22e4e0f1 (console) character file.

Game seed: 6060411043067907043

5077 jejorda2 the Cleaver (level 10, -3/82 HPs)
             Began as a Gnoll Berserker on Dec 4, 2023.
             Was an Elder of Trog.
             Killed from afar by Erica (15 damage)
             ... with a bolt of poison
             ... on level 8 of the Dungeon.
             The game lasted 00:17:08 (6970 turns).

jejorda2 the Cleaver (Gnoll Berserker)              Turns: 6970, Time: 00:17:11

Health: -3/82      AC: 16    Str: 27    XL:     10   Next: 56%
Magic:  18/18      EV: 12    Int:  7    God:    Trog [****..]
Gold:   588        SH:  8    Dex: 17    Spells: 20/20 levels left

rFire   . . .        a - +4 broad axe
rCold   . . .        F - +2 buckler
rNeg    . . .        k - +1 plate armour
rPois   .            (no helmet)
rElec   .            x - +0 cloak
rCorr   .            I - +0 pair of gloves
SInv    .            (no boots)
Will    ++...        s - amulet "Jahota Pyor" {Acrobat Regen+ Dex+6 Stlth+} Stlth
                     m - +6 ring of strength
HPRegen 2.13/turn    G - +5 ring of evasion
MPRegen 0.16/turn

%: acrobat
@: lethally poisoned (-3 -> -9), strong-willed, regenerating, constricted,
studying Shields
A: fangs 1, strong nose, distributed training
a: Renounce Religion, Berserk, Trog's Hand, Brothers in Arms


You were on level 8 of the Dungeon.
You worshipped Trog.
Trog was greatly pleased with you.
You visited 1 branch of the dungeon, and saw 8 of its levels.
You also visited: Sewer and Bailey.

You collected 588 gold pieces.

Inventory:

Hand Weapons
 a - a +4 broad axe (weapon)
 b - a +0 war axe of flaming
Missiles
 z - 8 boomerangs
 B - 2 javelins
 D - 14 poisoned darts
Armour
 k - a +1 plate armour (worn)
 x - a +0 cloak (worn)
 F - a +2 buckler (worn)
 I - a +0 pair of gloves (worn)
 M - a +2 chain mail of positive energy
Jewellery
 c - a ring of resist corrosion
 m - a +6 ring of strength (left hand)
 s - the amulet "Jahota Pyor" (around neck) {Acrobat Regen+ Dex+6 Stlth+}
   (You acquired it on level 8 of the Dungeon)

   [amulet of the acrobat]

   Acrobat:   It increases your evasion while moving and waiting.
   Dex+6:     It affects your dexterity (+6).
   Regen+:    It increases your rate of health regeneration.
   Stlth+:    It makes you more stealthy.
 u - a ring of protection from fire
 C - a ring of fire
 G - a +5 ring of evasion (right hand)
Wands
 l - a wand of iceblast (13)
 w - a wand of charming (8)
 J - a wand of acid (8)
Scrolls
 e - a scroll of fear
 n - 4 scrolls of fog
 p - 3 scrolls of enchant weapon
 q - a scroll of silence
 t - 2 scrolls of immolation
 v - a scroll of blinking
 y - a scroll of amnesia
 E - 3 scrolls of enchant armour
 H - a scroll of revelation
Potions
 d - 4 potions of invisibility
 f - 3 potions of enlightenment
 g - 3 potions of haste
 h - a potion of heal wounds
 i - 3 potions of might {unknown}
 j - 6 potions of curing
 o - 2 potions of attraction {unknown}
 r - 2 potions of lignification {unknown}
 A - a potion of degeneration {unknown}
 K - a potion of cancellation {unknown}


   Skills:
 + Level 8.6 Fighting
 + Level 5.5 Short Blades
 + Level 5.5 Long Blades
 + Level 8.6 Axes
 + Level 5.5 Maces & Flails
 + Level 5.5 Polearms
 + Level 5.5 Staves
 + Level 5.5 Ranged Weapons
 + Level 5.5 Throwing
 + Level 7.2 Armour
 + Level 7.2 Dodging
 + Level 5.5 Stealth
 + Level 5.5 Shields
 + Level 5.5 Unarmed Combat
 + Level 5.5 Spellcasting
 + Level 4.5 Conjurations
 + Level 4.5 Hexes
 + Level 4.5 Summonings
 + Level 4.5 Necromancy
 + Level 4.5 Translocations
 + Level 4.5 Transmutations
 + Level 4.5 Fire Magic
 + Level 4.5 Ice Magic
 + Level 4.5 Air Magic
 + Level 4.5 Earth Magic
 + Level 4.5 Poison Magic
 + Level 6.0 Invocations
 + Level 5.5 Evocations
 + Level 5.0 Shapeshifting


You had 20 spell levels left.
You didn't know any spells.
Your spell library was empty.

Dungeon Overview and Level Annotations

Branches:
Dungeon (8/15)             Temple (0/1) D:6           Sewer (visited)
 Bailey (visited)
   Lair: D:8-11

Altars:
Makhleb
Nemelex Xobeh
Xom

Annotations:
D:8 Erica


Innate Abilities, Weirdness & Mutations

You have very sharp teeth.
Your uncanny sense of smell can sniff out nearby items.
Your experience applies equally to all skills.


Message History

No target in view!
No target in view!
No target in view!
No target in view!
No target in view!
You barely miss something. x2; Something hits you but does no damage.
Something hits you. Something burns you.
You are constricted.
A kobold brigand comes into view.
It is wielding a +4 short sword of draining and quivering poisoned darts.
Something hits you but does no damage. Something hits you! Something burns you.
You are constricted.
You slice something!! Trog accepts your kill.
Trog appreciates your killing of a magic user.
Reactivating autopickup.
You feel a bit more experienced.
You closely miss something.
You hear some strange, mumbled words.
A bolt of poison appears from out of thin air!
Deactivating autopickup; reactivate with Ctrl-A.
The bolt of poison hits you!!
You are poisoned.
You are constricted.
Unknown command.
Unknown command.
You slice something!!
You feel very sick.
The kobold brigand throws a poisoned dart.
Something hits you.
* * * LOW HITPOINT WARNING * * *
Something burns you.
* * * LOW HITPOINT WARNING * * *
You are constricted.
* * * LOW HITPOINT WARNING * * *
Your skin crawls.
You feel strong-willed.
You feel very sick.
You hear some strange, mumbled words.
A bolt of poison appears from out of thin air!
The bolt of poison hits you!
You are more poisoned.
You die...

###...## ##...## .#
...### #### .# # .....#
###..5 .### .# .....#
##... ... ..# .....#
#.)## ####.##....
.....###...###..........
#............#.##).....#
##########.†....@{..K.#
###.....).#....
#.......# . #..........
#.##.###...# ...#..#
...# ......## ### ######


You could see a kobold brigand.

Vanquished Creatures
  An orc warlord (Bailey)
  2 water moccasins (D:6)
  6 orc warriors (Bailey)
  2 ice beasts
  2 black bears
  2 sky beasts (D:7)
  2 ogres
  A phantom (D:6)
  2 kobold brigands
  3 bullfrogs
  3 scorpions (D:5)
  A gnoll sergeant (D:6)
  3 wights (D:7)
  5 howler monkeys
  2 jellies
  A gnoll bouda (D:6)
  4 hounds
  8 orc priests
  3 iguanas
  2 sleepcaps
  10 orc wizards
  13 gnolls
  11 adders
  8 river rats
  4 shadow imps
  2 white imps (D:4)
  5 ufetubi
  A worm (D:3)
  2 dart slugs (D:3)
  39 orcs
  11 endoplasms
  A giant cockroach (D:2)
  12 goblins
  11 hobgoblins
  11 kobolds
  5 quokkas
  16 ball pythons
  5 bats
  4 frilled lizards
  35 rats
261 creatures vanquished.

Vanquished Creatures (collateral kills)
  An orc knight (Bailey)
  An orc (Bailey)
2 creatures vanquished.

Vanquished Creatures (others)
  A gnoll (Bailey)
1 creature vanquished.

Grand Total: 264 creatures vanquished

Notes
Turn   | Place    | Note
-------+----------+-------------------------------------------
     0 | D:1      | jejorda2 the Gnoll Berserker began the quest for the Orb.
     0 | D:1      | Reached XP level 1. HP: 23/23 MP: 1/1
    88 | D:1      | Reached XP level 2. HP: 25/29 MP: 2/2
   731 | D:2      | Reached ** piety under Trog
   745 | D:2      | Reached XP level 3. HP: 30/35 MP: 3/3
  1041 | D:2      | Reached skill level 1 in Invocations
  1542 | D:3      | Reached skill level 1 in Short Blades
  1542 | D:3      | Reached skill level 1 in Long Blades
  1542 | D:3      | Reached skill level 1 in Maces & Flails
  1542 | D:3      | Reached skill level 1 in Polearms
  1542 | D:3      | Reached skill level 1 in Staves
  1542 | D:3      | Reached skill level 1 in Ranged Weapons
  1542 | D:3      | Reached skill level 1 in Throwing
  1542 | D:3      | Reached skill level 1 in Stealth
  1542 | D:3      | Reached skill level 1 in Shields
  1542 | D:3      | Reached skill level 1 in Unarmed Combat
  1542 | D:3      | Reached skill level 1 in Spellcasting
  1542 | D:3      | Reached skill level 1 in Evocations
  1552 | D:3      | Reached skill level 1 in Shapeshifting
  1552 | D:3      | Reached XP level 4. HP: 41/41 MP: 5/5
  1616 | D:3      | Noticed a black bear
  1624 | D:3      | Killed a black bear
  1625 | D:3      | Reached skill level 1 in Conjurations
  1625 | D:3      | Reached skill level 1 in Hexes
  1625 | D:3      | Reached skill level 1 in Summonings
  1625 | D:3      | Reached skill level 1 in Necromancy
  1625 | D:3      | Reached skill level 1 in Translocations
  1625 | D:3      | Reached skill level 1 in Transmutations
  1625 | D:3      | Reached skill level 1 in Fire Magic
  1625 | D:3      | Reached skill level 1 in Ice Magic
  1625 | D:3      | Reached skill level 1 in Air Magic
  1625 | D:3      | Reached skill level 1 in Earth Magic
  1625 | D:3      | Reached skill level 1 in Poison Magic
  1625 | D:3      | Reached XP level 5. HP: 47/47 MP: 5/7
  1672 | D:3      | Found a glowing drain.
  1691 | Sewer    | Entered a sewer
  1748 | Sewer    | Reached *** piety under Trog
  1799 | Sewer    | Reached XP level 6. HP: 23/53 MP: 8/8
  1975 | Sewer    | Reached skill level 5 in Armour
  1975 | Sewer    | Reached skill level 5 in Dodging
  2361 | D:3      | Found a burning altar of Makhleb.
  2419 | D:3      | Reached XP level 7. HP: 57/59 MP: 10/10
  3658 | D:4      | Reached **** piety under Trog
  3856 | D:5      | Entered Level 5 of the Dungeon
  3917 | D:5      | Reached XP level 8. HP: 35/67 MP: 12/12
  4483 | D:5      | Found a shimmering altar of Xom.
  4484 | D:5      | Found a sparkling altar of Nemelex Xobeh.
  4995 | D:6      | Found a staircase to the Ecumenical Temple.
  5059 | D:6      | Reached XP level 9. HP: 49/73 MP: 14/14
  6063 | D:7      | Reached skill level 5 in Invocations
  6547 | D:8      | Identified a scroll of acquirement
  6547 | D:8      | Acquired the amulet "Jahota Pyor" {Acrobat Regen+ Dex+6
                  | Stlth+}
  6564 | D:8      | Found a flagged portal.
  6571 | Bailey   | Entered a bailey
  6642 | Bailey   | Reached ***** piety under Trog
  6643 | Bailey   | Reached XP level 10. HP: 79/80 MP: 17/17
  6701 | Bailey   | Noticed an orc knight
  6710 | Bailey   | Reached skill level 5 in Short Blades
  6710 | Bailey   | Reached skill level 5 in Long Blades
  6710 | Bailey   | Reached skill level 5 in Maces & Flails
  6710 | Bailey   | Reached skill level 5 in Polearms
  6710 | Bailey   | Reached skill level 5 in Staves
  6710 | Bailey   | Reached skill level 5 in Ranged Weapons
  6710 | Bailey   | Reached skill level 5 in Throwing
  6710 | Bailey   | Reached skill level 5 in Stealth
  6710 | Bailey   | Reached skill level 5 in Shields
  6710 | Bailey   | Reached skill level 5 in Unarmed Combat
  6710 | Bailey   | Reached skill level 5 in Spellcasting
  6710 | Bailey   | Reached skill level 5 in Evocations
  6714 | Bailey   | Killed an orc knight
  6803 | Bailey   | Noticed an orc warlord
  6824 | Bailey   | Killed an orc warlord
  6826 | Bailey   | Reached skill level 5 in Shapeshifting
  6925 | Bailey   | Acquired a manual of Shields
  6957 | D:8      | Noticed Erica
  6970 | D:8      | Killed from afar by Erica

Illustrated notes

Levels and vault maps discovered:
D:1:      orjb1_clovarrival, layout_loops_cross
D:2:      layout_basic
D:3:      layout_basic, bloody_makhleb, gup_sewer_entry_bubbles,
          guppyfry_early_lair_pool
D:4:      layout_basic, serial_demonic, serial_demonic_e, serial_demonic_e,
          serial_demonic_b, serial_demonic_e
D:5:      layout_loops_ring, grunt_temple_overflow_open
D:6:      layout_gridville, temple_doors_cd, kennysheep_generic_room_13
D:7:      layout_rooms, st_stairs_12
D:8:      layout_rooms, nicolae_overflow_crystal_walls,
          gammafunk_temple_overflow_statue, enter_bailey_2, uniq_maggie,
          uniq_erica, uniq_maurice

Skill      XL: |  1  2  3  4  5  6  7  8  9 10 |
---------------+-------------------------------+-----
Invocations    | 1 2 3 4 5 6 |  6.0
Short Blades   | 1 2 3 4 5 |  5.5
Long Blades    | 1 2 3 4 5 |  5.5
Maces & Flails | 1 2 3 4 5 |  5.5
Polearms       | 1 2 3 4 5 |  5.5
Staves         | 1 2 3 4 5 |  5.5
Ranged Weapons | 1 2 3 4 5 |  5.5
Throwing       | 1 2 3 4 5 |  5.5
Stealth        | 1 2 3 4 5 |  5.5
Shields        | 1 2 3 4 5 |  5.5
Unarmed Combat | 1 2 3 4 5 |  5.5
Spellcasting   | 1 2 3 4 5 |  5.5
Evocations     | 1 2 3 4 5 |  5.5
Shapeshifting  | 1 2 3 4 5 |  5.0
Conjurations   | 1 2 3 4 |  4.5
Hexes          | 1 2 3 4 |  4.5
Summonings     | 1 2 3 4 |  4.5
Necromancy     | 1 2 3 4 |  4.5
Translocations | 1 2 3 4 |  4.5
Transmutations | 1 2 3 4 |  4.5
Fire Magic     | 1 2 3 4 |  4.5
Ice Magic      | 1 2 3 4 |  4.5
Air Magic      | 1 2 3 4 |  4.5
Earth Magic    | 1 2 3 4 |  4.5
Poison Magic   | 1 2 3 4 |  4.5
Armour         | 5 6 7 |  7.2
Dodging        | 5 6 7 |  7.2
Fighting       | 7 8 |  8.6
Axes           | 7 8 |  8.6

Action                     |  1- 3 |  4- 6 |  7- 9 | 10-12 || total
---------------------------+-------+-------+-------+-------++-------
  Melee: Hand axe          |   113 |   174 |   142 |       ||   429
         Bite              |     7 |    11 |    41 |     7 ||    66
         Punch             |     1 |     2 |     5 |       ||     8
         War axe           |       |       |   250 |    31 ||   281
         Broad axe         |       |       |       |    30 ||    30
 Invoke: Berserk           |       |     3 |     5 |     2 ||    10
         Trog's Hand       |       |       |     5 |     3 ||     8
         Brothers in Arms  |       |       |       |     2 ||     2
  Evoke: Wand              |       |       |       |     1 ||     1
    Use: Scroll            |     6 |     3 |    11 |     1 ||    21
         Potion            |       |       |     4 |     1 ||     5
   Stab: Invisible         |       |       |       |     6 ||     6
         Distracted        |       |       |       |     1 ||     1
 Armour: Leather armour    |     9 |       |       |       ||     9
         Animal skin       |     2 |       |       |       ||     2
         Scale mail        |    20 |       |       |       ||    20
         Plate armour      |    51 |   140 |   337 |    35 ||   563
  Dodge: Dodged            |    52 |    82 |   156 |    30 ||   320
  Block: Buckler           |       |       |    44 |    23 ||    67

Table legend: (Time is in decaauts)
 A = Elapsed time spent in this place.
 B = Non-inter-level travel time spent in this place.
 C = Inter-level travel time spent in this place.
 D = Time resting spent in this place.
 E = Time spent auto-exploring this place.
 F = Levels seen in this place.
 G = Mean time per level.
                   A        B        C        D        E       F      G
               +--------+--------+--------+--------+--------+-----+--------+
         Total |   7156 |   6841 |    315 |    460 |   4624 |  10 |  715.6 |
       Dungeon |   6164 |   5849 |    315 |    294 |   4260 |   8 |  770.5 |
         Sewer |    603 |    603 |      0 |     97 |    292 |   1 |  603.0 |
        Bailey |    388 |    388 |      0 |     69 |     71 |   1 |  388.0 |
               +--------+--------+--------+--------+--------+-----+--------+

Top non-repeatable levels by time:
     D:6: 1206 daAuts
     D:3: 1114 daAuts
     D:5: 868 daAuts
     D:2: 775 daAuts
     D:4: 756 daAuts
     D:1: 719 daAuts
     D:7: 656 daAuts
   Sewer: 603 daAuts
  Bailey: 388 daAuts
     D:8: 66 daAuts
